Map: Ulrena

Players

zidar - Winner!

  • Race: Zerg Zerg
  • League: Silver
  • Spawn Location: 7:00

candybomberz

  • Race: Zerg Zerg
  • League: Gold
  • Spawn Location: 11:00

VOD

Have the link to the VOD?

Description

Time

  • Played on: May 13, 2016, 11:18 a.m.
  • Length: 10:05
Show
View Real Time Build Order
Export as new Build Order

zidar Zerg - Winner!

Build Orders: Pool First 

Get SALT Encoding   

  12  0:19  Spawning Pool  
  11  0:22  Drone  
  11  0:27  Drone  
  13  0:30  Drone  
  14  0:40  Overlord  
  14  1:06  Zergling x2, Queen  
  14  1:08  Zergling x2  
  14  1:09  Zergling x2  
  19  1:18  Zergling x2  
  20  1:29  Zergling x2  
  18  2:40  Zergling x4  
  18  2:41  Zergling x2  
  18  2:42  Hatchery  
  20  2:47  Roach Warren  
  20  2:48  Extractor  
  20  2:50  Extractor  
  17  3:16  Queen  
  19  3:33  Drone x2  
  21  3:36  Overlord x2  
  20  4:08  Drone  
  20  4:09  Drone x5  
  26  4:37  Zergling x22  
  33  4:54  Roach  
  33  4:59  Metabolic Boost  
  35  5:00  Lair  
  33  5:42  Drone x3  
  36  5:45  Overlord x3  
  38  6:07  Roach x3  
  38  6:10  Roach  
  44  6:15  Drone  
  44  6:16  Drone  
  45  6:42  Drone x3  
  48  6:57  Roach x5  
  60  7:15  Roach  
  60  7:16  Overlord x3  
  35  8:12  Roach  
  39  8:13  Zergling x2, Roach x11  
  39  8:14  Zergling x4  
  39  8:16  Zergling x2  
  55  8:33  Glial Reconstitution  
  55  8:39  Zergling x2  
  55  8:40  Zergling x10  
  57  9:15  Zergling x16  
  57  9:16  Zergling x4  
Show
View Real Time Build Order
Export as new Build Order

candybomberz Zerg 

Build Orders: Pool First 

Get SALT Encoding   

  12  0:01  Drone  
  13  0:08  Drone  
  14  0:17  Overlord  
  14  0:25  Overlord  
  14  0:35  Drone x2  
  16  0:44  Drone  
  17  0:56  Drone  
  18  0:59  Spawning Pool  
  17  1:05  Drone  
  17  1:09  Extractor  
  17  1:17  Drone  
  18  1:26  Hatchery  
  18  1:27  Drone  
  18  1:37  Drone  
  19  1:46  Spine Crawler  
  18  1:55  Spine Crawler  
  18  1:56  Zergling x2  
  14  2:22  Spine Crawler  
  13  2:28  Drone x2  
  13  2:29  Drone  
  16  2:47  Drone  
  16  2:50  Queen  
  19  2:55  Hatchery  
  18  3:00  Drone  
  20  3:15  Drone x2  
  20  3:18  Hatchery  
  21  3:31  Queen  
  21  3:32  Drone  
  24  3:45  Zergling x2  
  24  3:46  Zergling x2  
  24  3:48  Metabolic Boost  
  27  3:52  Hatchery  
  26  4:03  Zergling x8  
  29  4:40  Hatchery  
  28  4:49  Hatchery  
  27  4:59  Zergling x2  
  28  5:00  Zergling x4  
  28  5:01  Overlord  
  28  5:02  Overlord x2  
  26  5:31  Zergling x8  
  29  5:45  Roach Warren  
  29  5:46  Extractor, Lair  
  27  5:57  Queen  
  29  6:05  Drone x6  
  28  6:34  Roach  
  28  6:35  Roach x4  
  38  6:44  Hydralisk Den  
  37  6:49  Drone x4  
  41  7:00  Roach x2  
  45  7:15  Hydralisk x3  
  27  8:11  Hydralisk  
  27  8:12  Hydralisk x8  
  35  9:16  Hydralisk x4  
  35  9:21  Queen  
  35  9:23  Drone x3  
  35  9:24  Drone x6  
  48  9:31  Spine Crawler  
  47  9:41  Spine Crawler  
  47  9:42  Spine Crawler  
  41  9:50  Spine Crawler  
  41  9:51  Spine Crawler  
Tags
 
Matchup
ZvZ
Race
Zerg
Spawn Locations
Close Positions
Add a new tag
Caveats
  • Supply blocks, unpowered buildings, or Contaminate may cause inaccurate times.
  • Supply counts are checked every 10 seconds.